 Dungeon Crawl Stone Soup version 0.28-a0-863-g8cecda6153 (webtiles) character file.

Game seed: 9880302517016895808

9 demibob the Ducker (level 2, 21/22 HPs)
             Began as a Demonspawn Gladiator on Nov 19, 2021.
             Quit the game on level 1 of the Dungeon.
             The game lasted 00:00:28 (452 turns).

demibob the Ducker (Demonspawn Gladiator)            Turns: 452, Time: 00:00:29

Health: 21/22      AC:  4    Str: 14    XL:     2   Next: 3%
Magic:  2/2        EV: 12    Int:  9    God:
Gold:   19         SH:  0    Dex: 14    Spells: 1/1 levels left

rFire   . . .      SeeInvis .   a - +0 quarterstaff
rCold   . . .      Faith    .   (shield currently unavailable)
rNeg    . . .      Spirit   .   b - +0 leather armour
rPois   .          Reflect  .   c - +0 helmet
rElec   .          Harm     .   (no cloak)
rCorr   .          Rampage  .   (no gloves)
Will    .....                   (no boots)
Stlth   +.........              (no amulet)
HPRegen 0.07/turn               (no ring)
MPRegen 0.08/turn               (no ring)

@: no status effects
A: weakness stinger 1
a: no special abilities


You were on level 1 of the Dungeon.
You visited 1 branch of the dungeon, and saw 1 of its levels.

You collected 19 gold pieces.


Innate Abilities, Weirdness & Mutations

You have a small tail.


   Skills:
 - Level 2.0 Fighting
 + Level 2.9 Staves
 - Level 1.7 Throwing
 * Level 3.1 Dodging


You had one spell level left.
You didn't know any spells.
Your spell library was empty.

Inventory:

Hand Weapons
 a - a +0 quarterstaff (weapon)
Missiles
 d - 3 throwing nets (quivered) {=f}
Armour
 b - a +0 leather armour (worn)
 c - a +0 helmet (worn)

Dungeon Overview and Level Annotations

Branches:
Dungeon (1/15)

Altars:

.......## ##......†###.##.####.
........####.........##.#.......
.⌠...⌠.....+.........'.......#
...>....####.........##.#...##
...<....# ##.......###.#..##
........# ##.....## #......
...∩....# ##...## ###.##.#
........# ##'## .# .# #.......#
#@# .# # #####..## #.# .. .##
#.# .# ... ... #..$# ##.## #.#


There were no monsters in sight!


Message History

No target in view!
No target in view!
No target in view!
No target in view!
No target in view!
No target in view!
No target in view!
No target in view!
No target in view!
You now have 19 gold pieces (gained 10).
You open the door.
An endoplasm comes into view.
Found 5 gold pieces.
An endoplasm is nearby!
An endoplasm is nearby!
The endoplasm quivers.
There is an open door here.
You hit the endoplasm.
The endoplasm is severely wounded.
The endoplasm hits you but does no damage.
You completely miss the endoplasm.
The endoplasm is severely wounded.
The endoplasm hits you.
You hit the endoplasm.
You kill the endoplasm!
You have reached level 2!
You feel monstrous as your demonic heritage exerts itself.
Your demonic ancestry asserts itself...
You grow a small tail.
Are you sure you want to abandon this character and quit the game? (Confirm with "yes".)

Skill      XL: |  1 |
---------------+----+-----
Dodging        | 3 |  3.1
Fighting       | |  2.0
Staves         | |  2.9
Throwing       | |  1.7

Action                   || total
-------------------------++-------
Melee: Quarterstaff      ||    24
Armor: Leather armour    ||    12
Dodge: Dodged            ||    10

Levels and vault maps discovered:
D:1:      wander_arrival_desolate, layout_loops_corners,
          dreamdust_ecumenical_altar_drowned_temple, st_stairs_10

Notes
Turn   | Place    | Note
-------+----------+-------------------------------------------
     0 | D:1      | demibob the Demonspawn Gladiator began the quest for the
                  | Orb.
     0 | D:1      | Reached XP level 1. HP: 16/16 MP: 1/1
   432 | D:1      | Reached skill level 3 in Dodging
   452 | D:1      | You feel monstrous as your demonic heritage exerts itself.
   452 | D:1      | Discovered your monstrous ancestry.
   452 | D:1      | Gained mutation: You have a small tail. [demonic ancestry]
   452 | D:1      | Reached XP level 2. HP: 21/22 MP: 2/2
   452 | D:1      | Quit the game

Vanquished Creatures
  An endoplasm (D:1)
  A giant cockroach (D:1)
  A goblin (D:1)
  4 ball pythons (D:1)
  A kobold (D:1)
  A rat (D:1)
9 creatures vanquished.

Table legend: (Time is in decaauts)
 A = Elapsed time spent in this place.
 B = Non-inter-level travel time spent in this place.
 C = Inter-level travel time spent in this place.
 D = Time resting spent in this place.
 E = Time spent auto-exploring this place.
 F = Levels seen in this place.
 G = Mean time per level.
                   A        B        C        D        E       F      G
               +--------+--------+--------+--------+--------+-----+--------+
         Total |    456 |    456 |      0 |      0 |    398 |   1 |  456.0 |
       Dungeon |    456 |    456 |      0 |      0 |    398 |   1 |  456.0 |
               +--------+--------+--------+--------+--------+-----+--------+

Top non-repeatable levels by time:
     D:1: 456 daAuts

Table legend:
 A = Non-vault XP
 B = Vault XP
 C = Vault XP percentage of total XP
 D = Non-vault monster count
 E = Vault monster count
 F = Vault count percentage of total count
                 A         B        C        D         E       F
            +---------+---------+-------+---------+---------+-------
      Total |      13 |       0 |   0.0 |       9 |       0 |   0.0
            +---------+---------+-------+---------+---------+-------
        D:1 |      13 |       0 |   0.0 |       9 |       0 |   0.0
            +---------+---------+-------+---------+---------+-------
